[Event "Titled Tuesday Blitz January 03 Late 2023"]
[White "Schmidt, Harald"]
[Black "Gurevich, Dmitry"]
[WhiteFideId "4648358"]
[BlackFideId "2000407"]
[WhiteElo "2347"]
[BlackElo "2393"]
[Result "0-1"]
[Round "11"]
[TimeControl "180+2"]
[Date "2023.01.03"]
[WhiteClock "0:00:01"]
[BlackClock "0:00:08"]

1. c4 c5 2. Nf3 b6 3. d4 cxd4 4. Nxd4 Bb7 5. Nc3 Nf6 6. Bg5 e6 7. e3 a6 8. Rc1 Be7 9. f3 h6 10. Bh4 O-O 11. Bd3 d6 12. O-O Nbd7 13. b3 Rc8 14. Bb1 Re8 15. Qd3 Qc7 16. Nde2 Ne5 17. Qd1 Ng6 18. Bf2 Bf8 19. Ng3 Ne5 20. Qc2 Qb8 21. Nh5 Ned7 22. Bh4 g5 23. Bg3 b5 24. cxb5 axb5 25. Qd3 b4 26. Ne2 Rxc1 27. Rxc1 e5 28. Nxf6+ Nxf6 29. e4 Rc8 30. Qd2 Rxc1+ 31. Nxc1 Ba6 32. Bd3 Bc8 33. Bc4 Be6 34. Bxe6 fxe6 35. Nd3 Nh5 36. Bf2 Nf4 37. Nxb4 Qc7 38. Be3 Bg7 39. g3 Ng6 40. Nd3 d5 41. Qc1 Qb7 42. Nc5 Qc6 43. b4 Bf8 44. a4 d4 45. Bd2 g4 0-1


[Site "https://www.chess.com"]

[Event "Titled Tuesday Blitz January 03 Late 2023"]
[White "Domingo Nunez, Ruben"]
[Black "Gomes, Luiz Alexandre de Souza"]
[WhiteFideId "22245570"]
[BlackFideId "2102790"]
[WhiteElo "2416"]
[BlackElo "2254"]
[Result "1-0"]
[Round "11"]
[TimeControl "180+2"]
[Date "2023.01.03"]
[WhiteClock "0:01:19"]
[BlackClock "0:01:20"]

1. e4 c5 2. d4 cxd4 3. c3 d3 4. Bxd3 d6 5. c4 Nc6 6. h3 g6 7. Nf3 Bg7 8. O-O Nf6 9. Nc3 O-O 10. Be3 a6 11. Rc1 Bd7 12. b3 Rb8 13. Qe2 Qa5 14. Rfd1 Rfc8 15. Bb1 b5 16. c5 b4 17. Nd5 Nxd5 18. exd5 Ne5 19. c6 Be8 20. Bg5 Nxf3+ 21. Qxf3 Bxc6 22. Rxc6 Rxc6 23. dxc6 Qxg5 24. c7 Rf8 25. Qc6 Qc5 26. Qxc5 dxc5 27. Rd8 1-0


[Site "https://www.chess.com"]

[Event "Titled Tuesday Blitz January 03 Late 2023"]
[White "Khandelwal, Ankush"]
[Black "Jaferian, Koosha"]
[WhiteFideId "413470"]
[BlackFideId "12507440"]
[WhiteElo "2205"]
[BlackElo "2233"]
[Result "1-0"]
[Round "11"]
[TimeControl "180+2"]
[Date "2023.01.03"]
[WhiteClock "0:01:00"]
[BlackClock "0:01:37"]

1. e4 Nf6 2. e5 Nd5 3. d4 d6 4. Nf3 dxe5 5. Nxe5 c6 6. Bc4 Bf5 7. g4 Bg6 8. h4 Nb6 9. Bb3 N8d7 10. Nxg6 hxg6 11. Qf3 e6 12. Bg5 Be7 13. Bxe7 Qxe7 14. h5 gxh5 15. Rxh5 O-O 16. Qh3 f6 17. Rh8+ Kf7 18. Qh5+ g6 19. Rh7+ Ke8 20. Rxe7+ Kxe7 21. Qxg6 Rf7 22. Nc3 1-0


[Site "https://www.chess.com"]

[Event "Titled Tuesday Blitz January 03 Late 2023"]
[White "Korchmar, Vasiliy"]
[Black "Ibadov, Dashgyn"]
[WhiteFideId "24131750"]
[BlackFideId "24107514"]
[WhiteElo "2438"]
[BlackElo "2391"]
[Result "0-1"]
[Round "11"]
[TimeControl "180+2"]
[Date "2023.01.03"]
[WhiteClock "0:00:03"]
[BlackClock "0:00:14"]

1. Nf3 d5 2. g3 Nd7 3. d4 Nb6 4. Bg2 Bf5 5. O-O e6 6. b3 h6 7. Bb2 Nf6 8. Nbd2 Be7 9. e3 O-O 10. Re1 a5 11. a3 a4 12. b4 c6 13. Rc1 Ne4 14. c4 Nxd2 15. Nxd2 dxc4 16. Nxc4 Nxc4 17. Rxc4 Qd7 18. e4 Bg6 19. h4 Rfd8 20. h5 Bh7 21. Qg4 Bf6 22. Rd1 Rac8 23. Bf3 Qe7 24. Kg2 Bg5 25. d5 f5 26. exf5 Bxf5 27. Qd4 cxd5 28. Rxc8 Rxc8 29. Qa7 Kh7 30. Re1 Rc2 31. Bd4 Bf6 32. Bc5 Qd7 33. Bd1 Rb2 34. Bxa4 Qf7 35. Bd1 Be4+ 36. Kg1 Bc3 37. Rf1 Rb1 38. Be2 Rxf1+ 39. Kxf1 Qf5 40. Bd1 Qh3+ 41. Ke2 Qg4+ 0-1


[Site "https://www.chess.com"]

[Event "Titled Tuesday Blitz January 03 Late 2023"]
[White "Haydon, David L"]
[Black "Jovic, Stanoje"]
[WhiteFideId "415405"]
[BlackFideId "905020"]
[WhiteElo "2253"]
[BlackElo "2075"]
[Result "1-0"]
[Round "11"]
[TimeControl "180+2"]
[Date "2023.01.03"]
[WhiteClock "0:02:41"]
[BlackClock "0:01:45"]

1. Nf3 Nf6 2. e3 e6 3. b3 b6 4. Bb2 Bb7 5. Be2 Be7 6. O-O O-O 7. c4 c5 8. Nc3 d5 9. cxd5 exd5 10. d4 Nc6 11. Rc1 Rc8 12. dxc5 bxc5 13. Na4 Ne4 14. Nd2 Qa5 15. Nxe4 dxe4 16. Bc4 Nb4 17. Qg4 g6 18. Qf4 Qc7 19. Qh6 1-0


[Site "https://www.chess.com"]

[Event "Titled Tuesday Blitz January 03 Late 2023"]
[White "Gascon Del Nogal, Jose Rafael"]
[Black "Manukian, Artak"]
[WhiteFideId "3902463"]
[BlackFideId "13301373"]
[WhiteElo "2459"]
[BlackElo "2196"]
[Result "1-0"]
[Round "11"]
[TimeControl "180+2"]
[Date "2023.01.03"]
[WhiteClock "0:00:08"]
[BlackClock "0:00:23"]

1. e4 c6 2. d4 d5 3. Nd2 dxe4 4. Nxe4 Nf6 5. Nxf6+ exf6 6. c3 Bd6 7. Bd3 Na6 8. Ne2 Nc7 9. Qc2 Nd5 10. Bxh7 g6 11. Bxg6 fxg6 12. Qxg6+ Kd7 13. Qg7+ Ne7 14. Qxf6 Qf8 15. Qxf8 Rxf8 16. Bh6 Rg8 17. Bf4 Nd5 18. Bxd6 Kxd6 19. Rg1 Bg4 20. f3 Bd7 21. Kf2 Rae8 22. Rae1 Bf5 23. Ng3 Bg6 24. Rxe8 Rxe8 25. Re1 Rxe1 26. Kxe1 Nf4 27. Kf1 Nd3 28. b4 Nc1 29. a3 Na2 30. Ne2 Bd3 31. Ke1 Bxe2 32. Kxe2 Nxc3+ 33. Kd3 Nd5 34. g3 Ke6 35. h4 Kf5 36. Kc4 Ne3+ 37. Kc5 Nf1 38. g4+ Kf4 39. h5 Kg5 40. f4+ Kh6 41. f5 Ne3 42. Kd6 Nxg4 43. Kc7 Ne3 44. f6 Nf5 45. Kxb7 Nxd4 46. Kxa7 Nb5+ 47. Kb6 Nxa3 48. Kxc6 Nc4 49. b5 Kxh5 50. f7 Ne5+ 51. Kc7 Nxf7 52. b6 Ng5 53. b7 Ne6+ 54. Kc8 Kg6 55. b8=Q Kf6 56. Qd6 Kf7 57. Kd7 Nf8+ 58. Kc6 Ne6 59. Kd5 Nf8 60. Ke5 Ng6+ 61. Kf5 Nf8 62. Kg5 Nh7+ 63. Kf5 Nf8 64. Qc7+ Ke8 65. Kf6 Nd7+ 66. Ke6 Nf8+ 67. Kd6 Ng6 68. Qg7 1-0


[Site "https://www.chess.com"]

[Event "Titled Tuesday Blitz January 03 Late 2023"]
[White "Graif, William"]
[Black "Espinosa, Pedro"]
[WhiteFideId "2609835"]
[BlackFideId "30921066"]
[WhiteElo "2304"]
[BlackElo "2229"]
[Result "1-0"]
[Round "11"]
[TimeControl "180+2"]
[Date "2023.01.03"]
[WhiteClock "0:00:31"]
[BlackClock "0:00:19"]

1. e4 c5 2. Nc3 Nc6 3. Bb5 Nd4 4. Nf3 a6 5. Bd3 g6 6. b4 Nxf3+ 7. Qxf3 cxb4 8. Nd5 Bg7 9. Rb1 e6 10. Ne3 Ne7 11. Bb2 O-O 12. Bxg7 Kxg7 13. h4 Nc6 14. h5 Ne5 15. Qh3 Nxd3+ 16. cxd3 Qg5 17. hxg6 Qxg6 18. Rxb4 a5 19. Rd4 d5 20. e5 f5 21. Rh4 Rh8 22. Rh6 Qg5 23. Rxh7+ Rxh7 24. Qxh7+ Kf8 25. Qh8+ Qg8 26. Qf6+ Ke8 27. Rh8 Qxh8 28. Qxh8+ Kd7 29. Nc2 b5 30. Nd4 b4 31. Qg7+ Kd8 32. Nc6+ Ke8 33. Qe7# 1-0


[Site "https://www.chess.com"]

[Event "Titled Tuesday Blitz January 03 Late 2023"]
[White "De La Colina, Nicolas"]
[Black "Karthik, Advaith"]
[WhiteFideId "30946921"]
[BlackFideId "30946050"]
[WhiteElo "2244"]
[BlackElo "2075"]
[Result "0-1"]
[Round "11"]
[TimeControl "180+2"]
[Date "2023.01.03"]
[WhiteClock "0:00:01"]
[BlackClock "0:00:48"]

1. c4 Nf6 2. Nf3 e6 3. e3 c5 4. Nc3 Be7 5. b3 b6 6. Bb2 Bb7 7. Be2 d6 8. O-O Nbd7 9. d4 O-O 10. Rc1 d5 11. cxd5 Nxd5 12. Nxd5 Bxd5 13. dxc5 Nxc5 14. Nd4 Bf6 15. Qd2 Rc8 16. Rfd1 Qe7 17. Ba6 Nxa6 18. Qe2 Nc5 19. Rc2 Ne4 20. Rdc1 Bb7 21. Qd3 Rxc2 22. Rxc2 Nc5 23. Qe2 Bxd4 24. Bxd4 Ne4 25. Qd3 h6 26. Be5 Rd8 27. Qe2 Rc8 28. Qg4 Nf6 29. Rxc8+ Bxc8 30. Qc4 Bb7 31. h3 Qd8 32. Qh4 Qd1+ 33. Kh2 Qd5 34. Qg3 Nh5 35. e4 0-1


[Site "https://www.chess.com"]

[Event "Titled Tuesday Blitz January 03 Late 2023"]
[White "Ehlvest, Jaan"]
[Black "Moreno Perez, Tobias Sebastian"]
[WhiteFideId "4500016"]
[BlackFideId "186716"]
[WhiteElo "2530"]
[BlackElo "2256"]
[Result "1-0"]
[Round "11"]
[TimeControl "180+2"]
[Date "2023.01.03"]
[WhiteClock "0:00:08"]
[BlackClock "0:00:01"]

1. e4 c6 2. d4 d5 3. exd5 cxd5 4. c4 Nf6 5. Nc3 e6 6. Nf3 Be7 7. cxd5 Nxd5 8. Bc4 O-O 9. O-O Nc6 10. Re1 Nf6 11. a3 b6 12. Qd3 Bb7 13. Ba2 Rc8 14. Bg5 Na5 15. Rad1 Nc6 16. Bb1 g6 17. Ba2 Nd5 18. Bh6 Nxc3 19. bxc3 Re8 20. d5 Na5 21. dxe6 f6 22. Qb5 Qc7 23. Nd4 Qxc3 24. h4 Qc5 25. Qe2 Nc6 26. Nb5 a6 27. Nd6 Bxd6 28. e7+ Kh8 29. Qe6 Be5 30. Rd5 Qc3 31. Rdxe5 Qxe5 32. Rxe5 Nxe5 33. Qxf6# 1-0


[Site "https://www.chess.com"]

[Event "Titled Tuesday Blitz January 03 Late 2023"]
[White "Janaszak, Dawid"]
[Black "Kaplan, Avi Harrison"]
[WhiteFideId "1119206"]
[BlackFideId "30934559"]
[WhiteElo "2316"]
[BlackElo "2146"]
[Result "0-1"]
[Round "11"]
[TimeControl "180+2"]
[Date "2023.01.03"]
[WhiteClock "0:00:04"]
[BlackClock "0:00:26"]

1. e4 c5 2. d3 e5 3. f4 d6 4. Nf3 Nc6 5. Be2 Nf6 6. O-O Be7 7. fxe5 dxe5 8. Qe1 O-O 9. c3 c4 10. dxc4 Nxe4 11. Be3 Be6 12. Nbd2 Bc5 13. Bxc5 Nxc5 14. Rd1 Qb6 15. Kh1 Qxb2 16. Qh4 h6 17. Ne4 Qxe2 18. Nxc5 Qxc4 19. Qf2 Bg4 20. Nxb7 e4 21. Nd6 Qa4 22. h3 exf3 23. hxg4 Qxg4 24. Qxf3 Qh4+ 25. Kg1 Ne5 26. Qf4 Qxf4 27. Rxf4 Rad8 28. Rfd4 f6 29. c4 Rd7 30. c5 Rc7 31. Rd5 Rb8 32. R1d2 Rb1+ 33. Kf2 Rc1 34. Ne4 Kf7 35. Rd6 f5 36. Ng3 R1xc5 37. R6d5 Ng4+ 38. Ke2 Rxd5 39. Rxd5 Rc2+ 40. Kf3 Rf2# 0-1


[Site "https://www.chess.com"]

[Event "Titled Tuesday Blitz January 03 Late 2023"]
[White "Papayan, Oleg"]
[Black "Sukandar, Irine Kharisma"]
[WhiteFideId "4193911"]
[BlackFideId "7101937"]
[WhiteElo "2253"]
[BlackElo "2390"]
[Result "1-0"]
[Round "11"]
[TimeControl "180+2"]
[Date "2023.01.03"]
[WhiteClock "0:00:04"]
[BlackClock "0:00:01"]

1. d4 Nf6 2. Nf3 d5 3. c3 e6 4. Bf4 Bd6 5. e3 O-O 6. Bd3 Qe7 7. Nbd2 Nc6 8. Ne5 Bxe5 9. dxe5 Nd7 10. Nf3 f6 11. exf6 Nxf6 12. Ne5 Nxe5 13. Bxe5 c6 14. O-O Nd7 15. Bg3 e5 16. e4 Nf6 17. exd5 cxd5 18. Re1 e4 19. c4 Qf7 20. Bf1 dxc4 21. Qd4 Be6 22. Rac1 Rfd8 23. Qc5 b6 24. Qe5 Rac8 25. Bh4 Rc5 26. Qc3 Nd5 27. Qc2 Rf8 28. Qxe4 Bf5 29. Qd4 Rfc8 30. Rxc4 h6 31. Rxc5 Rxc5 32. Bc4 Be6 33. Bb3 Nf4 34. Bg3 Bxb3 35. Bxf4 Bxa2 36. Qd8+ Kh7 37. Qd3+ Qg6 38. Qxg6+ Kxg6 39. Be3 Rc2 40. Bd4 Bd5 41. g3 b5 42. h4 a5 43. g4 Bf3 44. g5 hxg5 45. hxg5 Bd5 46. Kh2 Rc4 47. Bc3 Rh4+ 48. Kg3 Rc4 49. f4 b4 50. Be5 a4 51. Rd1 Be6 52. Rd6 Kf5 53. Ra6 b3 54. Bxg7 Rxf4 55. Ra5+ Kg6 56. Kxf4 Kxg7 57. Ke5 Bg4 58. Kf4 Bd1 59. Rxa4 Kg6 60. Ra6+ Kg7 61. Rf6 Be2 62. Rb6 Bc4 63. Ke5 Kf7 64. Rb7+ Kg6 65. Kf4 Bd5 66. Rb6+ Kg7 67. Rf6 Bc4 68. Ke5 Bd3 69. Kd4 Bc2 70. Kc3 Bd1 71. Rb6 1-0


[Site "https://www.chess.com"]

[Event "Titled Tuesday Blitz January 03 Late 2023"]
[White "Mei, Austin"]
[Black "Donskov, Anatoly"]
[WhiteFideId "30948479"]
[BlackFideId "24143413"]
[WhiteElo "2218"]
[BlackElo "2279"]
[Result "1-0"]
[Round "11"]
[TimeControl "180+2"]
[Date "2023.01.03"]
[WhiteClock "0:00:11"]
[BlackClock "0:00:01"]

1. e4 c5 2. Nf3 Nc6 3. d4 cxd4 4. Nxd4 Nf6 5. Nc3 d6 6. Bg5 Bd7 7. Qd2 Nxd4 8. Qxd4 a6 9. O-O-O e6 10. h4 h6 11. Be3 Ng4 12. Bd2 Qc7 13. f3 Ne5 14. Be3 Nc6 15. Qd2 Be7 16. Bd3 Ne5 17. Kb1 Nc4 18. Bxc4 Qxc4 19. g4 b5 20. Ne2 Rc8 21. Nd4 h5 22. Bg5 f6 23. Be3 hxg4 24. fxg4 d5 25. exd5 Qxd5 26. Qf2 Qe4 27. Rhg1 e5 28. Nf5 Bxf5 29. gxf5 Bf8 30. Qd2 Qxf5 31. Qd5 Qxc2+ 32. Ka1 Qc6 33. Qb3 Rxh4 34. Rc1 Rc4 35. Rcd1 Qe6 36. Qd3 Bc5 37. Bxc5 R4xc5 38. Qg6+ Qf7 39. Qh7 g5 40. Qf5 Rd8 41. a3 Rcd5 42. Rc1 R5d6 43. Qe4 Kf8 44. Rh1 Qg7 45. Rh7 Qg8 46. Qf5 Re6 47. Rh6 Qg7 48. Rh7 Qg8 49. Rh6 Rde8 50. Rxf6+ Rxf6 51. Qxf6+ Qf7 52. Qxg5 Re6 53. Rc8+ Re8 54. Rc6 e4 55. Rf6 e3 56. Rxf7+ Kxf7 57. Qg1 e2 58. Qe1 Re6 59. Kb1 Ke7 60. Kc2 Kd6 61. Kd2 Re5 62. Qg3 e1=Q+ 63. Qxe1 Rxe1 64. Kxe1 Kd5 65. Kd2 Kc4 66. Kc2 a5 67. b3+ Kd4 68. Kd2 b4 69. a4 Ke4 70. Ke2 Ke5 71. Ke3 Ke6 72. Ke4 Kd6 73. Kd4 1-0


[Site "https://www.chess.com"]

[Event "Titled Tuesday Blitz January 03 Late 2023"]
[White "Ortega Ruiz, Jose Miguel"]
[Black "Andreev, Eduard"]
[WhiteFideId "2209713"]
[BlackFideId "14103400"]
[WhiteElo "2351"]
[BlackElo "2413"]
[Result "1-0"]
[Round "11"]
[TimeControl "180+2"]
[Date "2023.01.03"]
[WhiteClock "0:01:37"]
[BlackClock "0:01:42"]

1. g3 Nf6 2. Bg2 d5 3. Nf3 g6 4. O-O Bg7 5. c4 c6 6. d4 O-O 7. Ne5 Bf5 8. Qb3 Qb6 9. c5 Qxb3 10. axb3 a6 11. Nc3 Nbd7 12. f4 Nxe5 13. fxe5 Nd7 14. h3 Kh8 15. g4 Be6 16. e4 dxe4 17. Nxe4 Bxb3 18. Bd2 Bd5 19. b4 f6 20. exf6 Nxf6 21. Ng5 Bxg2 22. Kxg2 Nd5 23. Ne6 Rxf1 24. Rxf1 Bxd4 25. Nxd4 e5 26. Ne6 Kg8 27. Bh6 Re8 28. Ng5 Ne3+ 29. Kf2 Nxf1 30. Kxf1 a5 31. bxa5 Ra8 32. Nf3 Rxa5 33. Be3 e4 34. Ne5 Ra2 35. Nc4 Kf7 36. Nd6+ Ke6 37. Nxe4 Kd5 38. Nf6+ Kc4 39. Nxh7 Rh2 40. Ng5 Kd3 41. Bf2 Kd2 42. Nf3+ Kd3 43. Nxh2 Kc4 44. h4 Kd5 45. h5 gxh5 46. gxh5 Ke6 47. Bd4 Kf5 48. h6 Kg6 49. Ng4 Kh7 50. Ke2 Kg6 51. Kf3 Kh7 52. Ke4 Kg6 53. Ke5 Kh7 54. Kd6 Kg6 55. Kc7 b5 56. cxb6 c5 57. Bxc5 Kh5 58. h7 Kxg4 59. h8=Q Kf5 60. b7 Ke4 61. b8=Q Kd3 62. Qb3+ Ke4 63. Qd4+ Kf5 64. Qf3+ Kg6 65. Qdf6+ Kh7 66. Qh5+ Kg8 67. Qhh8# 1-0


[Site "https://www.chess.com"]

[Event "Titled Tuesday Blitz January 03 Late 2023"]
[White "Berezin, Viktor"]
[Black "Novikova, Galina"]
[WhiteFideId "14107872"]
[BlackFideId "4157095"]
[WhiteElo "2307"]
[BlackElo "2073"]
[Result "0-1"]
[Round "11"]
[TimeControl "180+2"]
[Date "2023.01.03"]
[WhiteClock "0:00:03"]
[BlackClock "0:00:17"]

1. d4 e6 2. Nf3 f5 3. g3 Nf6 4. Bg2 Be7 5. O-O O-O 6. c4 d6 7. Nc3 Qe8 8. Rb1 Qh5 9. b4 Nbd7 10. b5 e5 11. dxe5 dxe5 12. Nd5 Bd6 13. Nxf6+ Nxf6 14. c5 Bxc5 15. Nxe5 Bd6 16. Qb3+ Kh8 17. Nf3 f4 18. Ba3 fxg3 19. fxg3 Bc5+ 20. Bxc5 Qxc5+ 21. e3 Bg4 22. Rbc1 Qe7 23. Nd4 Rab8 24. h3 Bd7 25. Kh2 c6 26. bxc6 bxc6 27. Qd3 Rbc8 28. Nf5 Qe5 29. Qd4 Qe6 30. Qd6 Qe8 31. Ne7 Rd8 32. Nxc6 Bxc6 33. Qxc6 Qxe3 34. Rce1 Qd2 35. Qa4 Qh6 36. Kg1 Qg6 37. Kh2 Qh6 38. Kg1 Qg5 39. Qa3 a5 40. Kh2 h6 41. Qf3 Rd2 42. Qc6 Rfd8 43. Re7 R2d3 44. g4 Qh4 45. Rf3 Nxg4+ 46. Kg1 Rd1+ 47. Rf1 Qf2+ 48. Kh1 Rxf1+ 49. Bxf1 Qxf1# 0-1


[Site "https://www.chess.com"]

[Event "Titled Tuesday Blitz January 03 Late 2023"]
[White "ArchibaldCerveza29"]
[Black "Kalajzic, Ivan"]
[BlackFideId "14506378"]
[WhiteElo "2509"]
[BlackElo "2062"]
[Result "0-1"]
[Round "11"]
[TimeControl "180+2"]
[Date "2023.01.03"]
[WhiteClock "0:00:01"]
[BlackClock "0:00:25"]

1. d4 d5 2. c4 Nc6 3. Nf3 Bg4 4. cxd5 Bxf3 5. gxf3 Qxd5 6. e3 e5 7. Nc3 Bb4 8. Bd2 Bxc3 9. bxc3 Nf6 10. Rb1 b6 11. Bd3 O-O 12. Rg1 exd4 13. cxd4 Rfe8 14. Kf1 Rad8 15. Bc3 Qh5 16. Rg2 Ne7 17. Rb5 c5 18. dxc5 Ned5 19. Bd2 Nf4 20. cxb6 Qh3 21. exf4 Rxd3 22. b7 Rdd8 23. Qb3 Qd7 24. b8=Q Qxd2 25. Qe5 Qd1+ 26. Qxd1 Rxd1+ 27. Ke2 Rdd8 0-1


[Site "https://www.chess.com"]

[Event "Titled Tuesday Blitz January 03 Late 2023"]
[White "Melikhov, Evgeny V."]
[Black "Winterberg, Lukas"]
[WhiteFideId "4122046"]
[BlackFideId "24622702"]
[WhiteElo "2269"]
[BlackElo "2402"]
[Result "1-0"]
[Round "11"]
[TimeControl "180+2"]
[Date "2023.01.03"]
[WhiteClock "0:01:16"]
[BlackClock "0:02:11"]

1. d4 Nf6 2. c4 c5 3. d5 a6 4. Bg5 b5 5. Bxf6 gxf6 6. e4 bxc4 7. Bxc4 d6 8. Nc3 f5 9. Nf3 Bg7 10. O-O O-O 11. Re1 fxe4 12. Nxe4 Nd7 13. Qd3 Nf6 14. Nxf6+ Bxf6 15. Qe4 Kh8 16. Bd3 1-0


[Site "https://www.chess.com"]

[Event "Titled Tuesday Blitz January 03 Late 2023"]
[White "Carbone, Diego"]
[Black "Rian, Kapriaga"]
[WhiteFideId "3002179"]
[BlackFideId "7103263"]
[WhiteElo "2336"]
[BlackElo "2089"]
[Result "0-1"]
[Round "11"]
[TimeControl "180+2"]
[Date "2023.01.03"]
[WhiteClock "0:00:01"]
[BlackClock "0:00:06"]

1. d4 Nf6 2. c4 e6 3. g3 d5 4. Nf3 Be7 5. Bg2 O-O 6. Nc3 c6 7. O-O dxc4 8. Ne5 Nbd7 9. Nxc4 Nb6 10. Ne5 Nfd7 11. Nxd7 Nxd7 12. e4 e5 13. d5 cxd5 14. exd5 Bd6 15. Ne4 Nb6 16. Be3 Nc4 17. Bc1 f5 18. Nxd6 Nxd6 19. b3 b6 20. Ba3 Bb7 21. Re1 e4 22. Rc1 Rf7 23. Qd4 Nb5 24. Qb2 Nxa3 25. Qxa3 Qxd5 26. Red1 Qe5 27. b4 a6 28. Qe3 Qe6 29. Bf1 b5 30. a4 Bc6 31. Qc5 Be8 32. Rd6 Qe7 33. a5 f4 34. Bh3 Kh8 35. Be6 Rf6 36. Qd5 fxg3 37. hxg3 Rb8 38. Re1 Bg6 39. Rd1 h6 40. Qe5 Re8 41. Rxa6 Rxe6 42. Rxe6 Qxe6 43. Qxe6 Rxe6 44. Rd8+ Kh7 45. Rb8 e3 46. fxe3 Bd3 47. Kf2 Rf6+ 48. Ke1 Bc4 49. Kd2 g5 50. e4 Rf2+ 51. Ke3 Rb2 52. a6 Ra2 53. Rb7+ Kg6 54. a7 h5 55. Kd4 h4 56. gxh4 gxh4 57. Kc5 h3 58. Rb6+ Kg7 59. Rb7+ Bf7 0-1


[Site "https://www.chess.com"]

[Event "Titled Tuesday Blitz January 03 Late 2023"]
[White "Fisher_TheGalactic"]
[Black "Torres Dominguez, David"]
[BlackFideId "2220857"]
[WhiteElo "2492"]
[BlackElo "1994"]
[Result "0-1"]
[Round "11"]
[TimeControl "180+2"]
[Date "2023.01.03"]
[WhiteClock "0:00:01"]
[BlackClock "0:00:06"]

1. Nf3 d5 2. g3 c6 3. d4 Nf6 4. Bg2 Bf5 5. O-O e6 6. Nbd2 Be7 7. c3 h6 8. Ne5 O-O 9. Ndf3 Nfd7 10. h4 Nxe5 11. Nxe5 Nd7 12. f4 Nf6 13. e3 Be4 14. g4 Bxg2 15. Kxg2 Ne4 16. g5 f6 17. Ng6 Rf7 18. Nxe7+ Rxe7 19. Qg4 Qe8 20. b3 f5 21. Qf3 h5 22. Bb2 g6 23. Rfd1 a5 24. a4 b5 25. Qf1 Rb7 26. axb5 Rxb5 27. Ra3 Qb8 28. Rda1 Rxb3 29. Bc1 Rxa3 30. Rxa3 Qb1 31. c4 Qc2+ 32. Kf3 Qh2 33. Qg2 Qxh4 34. cxd5 Qe1 35. dxe6 Qxc1 36. Rd3 Qc4 37. Qe2 Qd5 0-1


[Site "https://www.chess.com"]

[Event "Titled Tuesday Blitz January 03 Late 2023"]
[White "Fernandez Garcia, Gumersindo"]
[Black "Kujawski, Adam"]
[WhiteFideId "24516740"]
[BlackFideId "1100920"]
[WhiteElo "2160"]
[BlackElo "2173"]
[Result "0-1"]
[Round "11"]
[TimeControl "180+2"]
[Date "2023.01.03"]
[WhiteClock "0:01:27"]
[BlackClock "0:00:27"]

1. e4 e5 2. Nf3 Nc6 3. d4 exd4 4. Bc4 Nf6 5. e5 Ne4 6. O-O Be7 7. Re1 d5 8. Bb5 O-O 9. Nxd4 Nxd4 10. Qxd4 Bc5 11. Rxe4 Bxd4 12. Rxd4 c6 13. Bf1 Bf5 14. c3 f6 15. exf6 Qxf6 16. Be3 Rae8 17. Nd2 Be4 18. Nxe4 Rxe4 19. Rxe4 dxe4 20. Bc4+ Kh8 21. Rd1 Rd8 22. Bd4 c5 23. Bxf6 Rxd1+ 24. Bf1 gxf6 25. g3 Rd2 26. Bg2 f5 27. g4 Rd1+ 28. Bf1 f4 29. Kg2 Rd2 30. b3 e3 0-1


[Site "https://www.chess.com"]

[Event "Titled Tuesday Blitz January 03 Late 2023"]
[White "Novikov, Evgenij"]
[Black "Erdogdu, Mert"]
[WhiteFideId "4125380"]
[BlackFideId "6301495"]
[WhiteElo "2276"]
[BlackElo "2413"]
[Result "1/2-1/2"]
[Round "11"]
[TimeControl "180+2"]
[Date "2023.01.03"]
[WhiteClock "0:00:05"]
[BlackClock "0:00:10"]

1. Nf3 d5 2. d4 e6 3. c4 c5 4. e3 Nf6 5. Nc3 a6 6. cxd5 exd5 7. Be2 Nc6 8. O-O Bd6 9. dxc5 Bxc5 10. a3 O-O 11. b4 Ba7 12. Bb2 Bg4 13. h3 Bh5 14. Na4 Ne4 15. Rc1 Re8 16. Nc5 Bxc5 17. bxc5 Qd7 18. Nd4 Bxe2 19. Qxe2 Ne5 20. Rfd1 Rad8 21. c6 bxc6 22. Qxa6 Ra8 23. Qe2 Nc4 24. Nf3 Qf5 25. Rxc4 dxc4 26. Qxc4 Qb5 27. Qxb5 cxb5 28. Nd4 Red8 29. Rc1 Rac8 30. Rxc8 Rxc8 31. Nxb5 Rc2 32. Bd4 Nxf2 33. a4 Ne4 34. a5 Ra2 35. Bb6 f5 36. Nc7 Nd6 37. a6 Nc8 38. Bd4 Kf7 39. Kh2 g5 40. Kg3 h6 41. h4 Ke7 42. hxg5 hxg5 43. Kf3 Kd6 44. Ne8+ Kd5 45. Ng7 Nd6 46. a7 Ra6 47. g4 fxg4+ 48. Kxg4 Nb5 49. Nf5 Nxa7 50. Bxa7 Rxa7 51. Kxg5 Ke4 52. Ng3+ Kf3 53. Nf5 Ra5 54. Kf6 Ke4 55. Nd6+ Kxe3 56. Nc4+ Kd4 57. Nxa5 1/2-1/2


[Site "https://www.chess.com"]

[Event "Titled Tuesday Blitz January 03 Late 2023"]
[White "Vega Gutierrez, Sabrina"]
[Black "Skvortsov, Andrei"]
[WhiteFideId "2219026"]
[BlackFideId "24108600"]
[WhiteElo "2377"]
[BlackElo "2313"]
[Result "0-1"]
[Round "11"]
[TimeControl "180+2"]
[Date "2023.01.03"]
[WhiteClock "0:00:02"]
[BlackClock "0:01:35"]

1. e4 e6 2. Qe2 c5 3. Nf3 Nc6 4. c3 Nge7 5. g3 d5 6. d3 d4 7. Bg2 e5 8. O-O Ng6 9. h4 Bg4 10. Qc2 Qd7 11. Nh2 Bh3 12. h5 Bxg2 13. Kxg2 Nge7 14. a3 g6 15. b4 dxc3 16. Qxc3 cxb4 17. axb4 gxh5 18. Bg5 Rg8 19. Be3 Ng6 20. Kh1 Bxb4 21. Qb3 a5 22. Na3 Qh3 23. Rg1 Qe6 24. Qxe6+ fxe6 25. Nb5 O-O-O 26. Rgc1 Kb8 27. Bb6 Rxd3 28. Nf1 h4 29. Rd1 hxg3 30. Nxg3 Rxd1+ 31. Rxd1 a4 32. Ra1 a3 33. Nxa3 Kc8 34. Nb5 Kd7 35. Rd1+ Ke7 0-1


[Site "https://www.chess.com"]

[Event "Titled Tuesday Blitz January 03 Late 2023"]
[White "Dinu, Dumitru-Daniel"]
[Black "Golubev, Mikhail"]
[WhiteFideId "1208403"]
[BlackFideId "14100983"]
[WhiteElo "2203"]
[BlackElo "2461"]
[Result "0-1"]
[Round "11"]
[TimeControl "180+2"]
[Date "2023.01.03"]
[WhiteClock "0:00:18"]
[BlackClock "0:00:17"]

1. e4 c5 2. Be2 Nc6 3. f4 d5 4. d3 dxe4 5. dxe4 Qxd1+ 6. Bxd1 Nf6 7. Nd2 e5 8. Ngf3 exf4 9. O-O Be7 10. Re1 Ng4 11. Nb3 g5 12. h4 h6 13. hxg5 hxg5 14. Bd2 Be6 15. Bc3 Rg8 16. Be2 Ne3 17. Rac1 O-O-O 18. Bb5 c4 19. Nbd4 Nxd4 20. Bxd4 a6 21. Bxe3 fxe3 22. Bxa6 bxa6 23. Kf1 g4 24. Ne5 Bf6 25. Nc6 Rd6 26. Na5 Bg5 27. Re2 g3 28. e5 Rd4 29. b3 Rf4+ 30. Ke1 Rh8 0-1


[Site "https://www.chess.com"]

[Event "Titled Tuesday Blitz January 03 Late 2023"]
[White "Karttunen, Mika"]
[Black "Seletsky, Grigory"]
[WhiteFideId "502081"]
[BlackFideId "14112191"]
[WhiteElo "2490"]
[BlackElo "2259"]
[Result "1/2-1/2"]
[Round "11"]
[TimeControl "180+2"]
[Date "2023.01.03"]
[WhiteClock "0:00:05"]
[BlackClock "0:00:04"]

1. d4 d6 2. e4 Nf6 3. f3 e5 4. dxe5 dxe5 5. Qxd8+ Kxd8 6. Be3 Bd6 7. Nd2 Be6 8. Nc4 Ke7 9. O-O-O Nc6 10. a3 h6 11. g4 a6 12. h4 b5 13. Nxd6 cxd6 14. Rh2 Rhd8 15. g5 Ng8 16. Rhd2 f5 17. Bh3 f4 18. Bb6 Rd7 19. Bxe6 Kxe6 20. Ne2 hxg5 21. hxg5 Nge7 22. Nc3 Rh8 23. Nd5 Nc8 24. Bg1 Rh3 25. Rf1 Rg3 26. Rh2 Rxg5 27. Rh8 N8e7 28. Ra8 Nxd5 29. exd5+ Kxd5 30. Rxa6 Rc7 31. Rd1+ Ke6 32. Bb6 Rc8 33. Kb1 Rg3 34. Rd3 g5 35. Bf2 Rg2 36. Ba7 g4 37. fxg4 Rxg4 38. Rh3 Rg6 39. Bf2 e4 40. Rb6 e3 41. Bxe3 fxe3 42. Rxe3+ Ne5 43. Rxb5 Rg1+ 44. Ka2 Rxc2 45. a4 Rgg2 46. a5 Kd7 47. a6 Nc4 48. Reb3 Nxb2 49. Rxb2 Rxb2+ 50. Rxb2 Rxb2+ 51. Kxb2 Kc6 52. Kc3 Kb6 53. Kd4 Kxa6 54. Kd5 Kb6 55. Kxd6 1/2-1/2


[Site "https://www.chess.com"]